 Dungeon Crawl Stone Soup version 0.28-a0-1629-gf728b707aa (webtiles) character file.

Game seed: 1107041477309855914

3820 Essalna the Thaumaturge (level 9, -24/62 HPs)
             Began as a Demonspawn Earth Elementalist on Jan 24, 2022.
             Was an Initiate of Hepliaklqana.
             Killed from afar by an acid dragon (35 damage)
             ... with a splash of acid
             ... on level 8 of the Dungeon.
             The game lasted 00:13:47 (7418 turns).

Essalna the Thaumaturge (DsEE)                      Turns: 7418, Time: 00:13:48

Health: -24/62     AC:  5    Str: 10    XL:     9   Next: 97%
Magic:  21/21      EV: 11    Int: 20    God:    Hepliaklqana [......]
Gold:   347        SH:  0    Dex: 13    Spells: 15/24 levels left

rFire   . . .      SeeInvis .   n - +0 hand axe (vorpal)
rCold   . . .      Faith    .   h - +0 buckler
rNeg    . . .      Spirit   .   b - +0 robe
rPois   .          Reflect  .   w - +0 helmet
rElec   .          Harm     .   (no cloak)
rCorr   .          Rampage  .   (no gloves)
Will    .....                   (no boots)
Stlth   +.........              (no amulet)
HPRegen 0.20/turn               p - +4 ring of protection
MPRegen 0.34/turn               (no ring)

@: confused, ambrosia-drunk, corroded
A: claws 2, thin metallic scales 1, icemail 1, magic regeneration, condensation
shield
a: Renounce Religion


You were on level 8 of the Dungeon.
You worshipped Hepliaklqana.
Hepliaklqana was noncommittal.
You visited 2 branches of the dungeon, and saw 9 of its levels.

You collected 347 gold pieces.

Inventory:

Hand Weapons
 a - a +0 whip
 n - a +0 vorpal hand axe (weapon)
Missiles
 c - 67 stones
 z - 2 throwing nets
Armour
 b - a +0 robe (worn)
 h - a +0 buckler (worn)
 w - a +0 helmet (worn)
Jewellery
 p - a +4 ring of protection (left claw)
Wands
 q - a wand of iceblast (6)
Scrolls
 o - 2 scrolls of immolation {unknown}
 r - a scroll of fear {unknown}
 t - 2 scrolls of vulnerability {unknown}
 u - 4 scrolls of teleportation {unknown}
 x - a scroll of fog {unknown}
 y - 2 scrolls of identify
Potions
 e - a potion of cancellation {unknown}
 f - a potion of heal wounds {unknown}
 g - 2 potions of flight {unknown}
 i - 5 potions of curing {unknown}
 j - 2 potions of lignification {unknown}
 k - 2 potions of mutation {unknown}
 l - 3 potions of brilliance {unknown}
 s - a potion of degeneration {unknown}
 v - 2 potions of haste {unknown}


   Skills:
 + Level 2.6 Fighting
 - Level 1.7 Dodging
 - Level 1.7 Stealth
 + Level 8.1 Spellcasting
 + Level 8.1 Conjurations
 - Level 0.8 Transmutations
 + Level 2.1 Fire Magic
 - Level 7.0 Earth Magic


You had 15 spell levels left.
You knew the following spells:

 Your Spells              Type           Power      Damage    Failure   Level
a - Sandblast             Erth           72%        2d16      1%          1
b - Stone Arrow           Conj/Erth      76%        3d11      1%          3
c - Fireball              Conj/Fire      14%        3d8       36%         5

Your spell library contained the following spells:

 Spells                   Type           Power      Damage    Failure   Level
 Foxfire                  Conj/Fire      100%       2x1d9     1%          1
 Passwall                 Tmut/Erth      19%        N/A       3%          2
 Conjure Flame            Conj/Fire      28%        6-21      4%          3
 Dazzling Flash           Conj/Hex       48%        N/A       6%          3
 Iskenderun's Battlesphe  Conj           40%        2d9       11%         5
 Flame Wave               Conj/Fire      28%        2d8       14%         4
 Inner Flame              Hex/Fire       12%        N/A       22%         3
 Iskenderun's Mystic Bla  Conj/Tloc      24%        2d7       22%         4
 Petrify                  Tmut/Erth      23%        N/A       22%         4
 Tukima's Dance           Hex            8%         N/A       34%         3
 Anguish                  Hex/Necr       4%         N/A       75%         4
 Starburst                Conj/Fire      14%        6d6       91%         6
 Conjure Ball Lightning   Conj/Air       12%        3x3d6     97%         6
 Orb of Destruction       Conj           20%        9d8       98%         7
 Enfeeble                 Hex            4%         N/A       100%        7


Dungeon Overview and Level Annotations

Branches:
Dungeon (8/15)             Temple (1/1) D:7
   Lair: D:8-11

Altars:
Ashenzari
Cheibriados
Elyvilon
Gozag
Hepliaklqana
Kikubaaqudgha
Nemelex Xobeh
Okawaru
Qazlal
Ru
Sif Muna
Trog
Uskayaw
Vehumet
Wu Jian
Xom
Yredelemnul
Zin
The Shining One

Shops:
D:3 !

Annotations:
D:5 2 transporters, Nattfarinn's ghost, amateur GrGl


Innate Abilities, Weirdness & Mutations

You have very sharp fingernails.
You are partially covered in thin metallic scales. (AC +2)
A meltable icy envelope protects you from harm. (AC +0)
You regenerate magic rapidly.
A meltable shield of frost defends you. (SH +0)


Message History

Aiming: Stone Arrow (safe; 1% risk of failure)
Press: ? - help, Shift-Dir - straight line, f/p - Maggie
Aim: Maggie, wielding a +2 morningstar of pain and wearing +0 swamp dragon scales (moderately wounded, mesmerising, 77% to hit)
The stone arrow hits Maggie!!
Maggie is severely wounded.
Casting: Stone Arrow (safe; 1% risk of failure)
Confirm with . or Enter, or press ? or * to list all spells.
Aiming: Stone Arrow (safe; 1% risk of failure)
Press: ? - help, Shift-Dir - straight line, f/p - Maggie
Aim: Maggie, wielding a +2 morningstar of pain and wearing +0 swamp dragon scales (severely wounded, mesmerising, 77% to hit)
The stone arrow hits Maggie!
Maggie is severely wounded.
Maggie hits you with a +2 morningstar of pain!
The acid dragon spits acid at you. The splash of acid hits you!
* * * LOW HITPOINT WARNING * * *
The acid corrodes you!
You hear a shout! x3
Casting: Stone Arrow (safe; 1% risk of failure)
Confirm with . or Enter, or press ? or * to list all spells.
Aiming: Stone Arrow (safe; 1% risk of failure)
Press: ? - help, Shift-Dir - straight line, f/p - Maggie
Aim: Maggie, wielding a +2 morningstar of pain and wearing +0 swamp dragon scales (severely wounded, mesmerising, 77% to hit)
The stone arrow hits Maggie!!
You break out of your daze!
You kill Maggie!
Your life force feels restored.
Your Fire Magic skill increases to level 2!
An acid dragon is nearby!
The acid dragon spits acid at you. The splash of acid hits you!
* * * LOW HITPOINT WARNING * * *
There is an open door here.
An acid dragon is nearby!
You are confused.
You feel invigorated. The acid dragon spits acid at you.
The splash of acid hits you!!
Ouch! That really hurt!
You die...

*,* #.# #.# ##+## #.# #.# ##...##
#.# *#.#* ##.....## ### #.#
*#.#.#* #.......## ##.###.#
##.#*#.##
..?......####...##.####.## ##.###
.........'..D............###..)).
.........####...#...#####.#...###
#....$..## ##.#@.#.# ##.#..#
##.....## ###....# ####.#
###.D.### #.#### #.# ...)....#
#.# #####.# ....)...# #.# #.....#
.###.##.# #.# #.##### .,,..#*.#
#.# #.# ,*#...*.#******#.#
#####.#### ,*....,,.,,,,,,..#
#........#


You could see an acid dragon (catching breath).

Vanquished Creatures
  Maggie (D:8)
  Grinder (D:3)
  Sigmund (D:3)
  Edmund (D:6)
  A water moccasin (D:6)
  Duvessa (D:6)
  2 sky beasts
  3 ice beasts (D:6)
  4 ogres
  5 necrophages
  A centaur (D:4)
  4 scorpions
  2 bullfrogs (D:8)
  A wyvern skeleton (D:7)
  A water moccasin skeleton (D:4)
  Dowan (D:6)
  8 wights
  A crimson imp (D:7)
  3 hounds
  Ijyb (D:4)
  A gnoll shaman (D:5)
  3 orc priests
  4 iguanas
  Jessica (D:3)
  Natasha (thrice) (D:3)
  11 gnolls
  6 adders
  2 white imps
  2 adder skeletons
  3 worms
  A dart slug (D:4)
  10 orcs
  4 bats
  6 endoplasms
  3 giant cockroaches
  3 goblins
  4 hobgoblins
  4 jackals (D:2)
  2 quokkas
  3 ball pythons
  8 frilled lizards
  6 kobolds
  3 rats
136 creatures vanquished.

Vanquished Creatures (others)
  A hobgoblin (D:4)
1 creature vanquished.

Grand Total: 137 creatures vanquished

Notes
Turn   | Place    | Note
-------+----------+-------------------------------------------
     0 | D:1      | Essalna the Demonspawn Earth Elementalist began the quest
                  | for the Orb.
     0 | D:1      | Reached XP level 1. HP: 13/13 MP: 3/3
   267 | D:1      | Gained mutation: A meltable shield of frost defends you.
                  | (SH +0) [demonic ancestry]
   267 | D:1      | Reached XP level 2. HP: 19/19 MP: 3/5
  1287 | D:2      | Gained mutation: You are partially covered in thin metallic
                  | scales. (AC +2) [demonic ancestry]
  1287 | D:2      | Reached XP level 3. HP: 24/24 MP: 1/7
  1440 | D:2      | Learned a level 3 spell: Stone Arrow
  2014 | D:3      | Noticed Sigmund
  2051 | D:3      | Killed Sigmund
  2052 | D:3      | Reached XP level 4. HP: 22/30 MP: 0/9
  2052 | D:3      | Gained mutation: A meltable icy envelope protects you from
                  | harm. (AC +0) [demonic ancestry]
  2052 | D:3      | Reached XP level 5. HP: 25/35 MP: 0/10
  2234 | D:3      | Noticed Jessica
  2239 | D:3      | Killed Jessica
  2254 | D:3      | Noticed Grinder
  2278 | D:3      | Killed Grinder
  2279 | D:3      | Gained mutation: You regenerate magic rapidly. [demonic
                  | ancestry]
  2279 | D:3      | Reached XP level 6. HP: 16/41 MP: 7/12
  2522 | D:3      | Noticed Natasha
  2527 | D:3      | Killed Natasha
  2744 | D:3      | Noticed Natasha
  2749 | D:3      | Killed Natasha
  2780 | D:3      | Reached XP level 7. HP: 46/46 MP: 6/13
  2783 | D:3      | Noticed Natasha
  2841 | D:3      | Killed Natasha
  2842 | D:3      | Reached skill level 5 in Earth Magic
  2929 | D:3      | Found Oshrux's Distillery.
  3205 | D:3      | Reached skill level 5 in Spellcasting
  3278 | D:3      | Found a stormy altar of Qazlal.
  3280 | D:3      | Found a shimmering altar of Xom.
  3280 | D:3      | Found a bloodstained altar of Trog.
  3282 | D:3      | Found a radiant altar of Vehumet.
  3282 | D:3      | Found an iron altar of Okawaru.
  3282 | D:3      | Found a sparkling altar of Nemelex Xobeh.
  3455 | D:4      | Noticed Ijyb
  3680 | D:4      | Found a hide-covered altar of Uskayaw.
  3713 | D:4      | Gained mutation: You have sharp fingernails. [demonic
                  | ancestry]
  3713 | D:4      | Reached XP level 8. HP: 34/52 MP: 2/16
  4139 | D:4      | Killed Ijyb
  4140 | D:4      | Reached skill level 5 in Conjurations
  4323 | D:5      | Entered Level 5 of the Dungeon
  4364 | D:5      | Found a transporter.
  4364 | D:5      | Noticed Nattfarinn's ghost (amateur GrGl)
  4396 | D:5      | Found a snail-covered altar of Cheibriados.
  4831 | D:5      | Found a transporter.
  5141 | D:6      | Noticed Duvessa
  5142 | D:6      | Noticed Dowan
  5145 | D:6      | Killed Duvessa
  5244 | D:6      | Noticed Edmund
  5248 | D:6      | Killed Edmund
  5249 | D:6      | Gained mutation: You have very sharp fingernails. [demonic
                  | ancestry]
  5249 | D:6      | Reached XP level 9. HP: 52/57 MP: 7/19
  5326 | D:6      | Killed Dowan
  5426 | D:6      | Found a shimmering blue altar of Sif Muna.
  5982 | D:6      | Learned a level 5 spell: Fireball
  6105 | D:6      | Reached skill level 1 in Fighting
  6365 | D:7      | Reached skill level 1 in Fire Magic
  6390 | D:7      | Found a staircase to the Ecumenical Temple.
  6422 | Temple   | Entered the Ecumenical Temple
  6513 | Temple   | Became a worshipper of Hepliaklqana the Forgotten
  6654 | D:7      | Noticed a boulder beetle
  7384 | D:8      | Noticed Maggie
  7403 | D:8      | Killed Maggie
  7407 | D:8      | HP: 1/62 [acid dragon/splash of acid (16)]
  7418 | D:8      | Killed from afar by an acid dragon

Illustrated notes

Levels and vault maps discovered:
D:1:      evilmike_arrival_hilbert_curve, layout_loops_ring,
          minmay_misc_feat_rows, minmay_pentomino_w2
D:2:      layout_basic
D:3:      layout_basic, doesnt_xom_only_xom, serial_shops,
          nicolae_shop_behind_doors, item_on_display_a, uniq_grinder,
          uniq_sigmund, uniq_natasha, uniq_jessica
D:4:      layout_cave_pools, nicolae_uskayaw_murder_on_the_dancefloor,
          kennysheep_generic_room_15, uniq_ijyb
D:5:      layout_loops_ring, slow_altar_1, gammafunk_ghost_arena
D:6:      layout_loops_ring, nicolae_overflow_crystal_walls, uniq_edmund,
          uniq_duvessa
D:7:      layout_loops_ring, minmay_temple_entry_statues_pillars, serial_shops,
          shop, minmay_fire_ice_demons
D:8:      layout_loops_corners, kennysheep_little_box, makhleb_grotto_becter,
          serial_bayou_pond_e, uniq_maggie
Temple:   eino_temple_rhombus

Skill      XL: |  1  2  3  4  5  6  7  8  9 |
---------------+----------------------------+-----
Earth Magic    | 3 4 5 6 7 |  7.0
Spellcasting   | 3 4 5 6 8 |  8.1
Conjurations   | 2 3 4 6 8 |  8.1
Fighting       | 2 |  2.6
Fire Magic     | 2 |  2.1
Dodging        | |  1.7
Stealth        | |  1.7
Transmutations | |  0.8

Action                   |  1- 3 |  4- 6 |  7- 9 || total
-------------------------+-------+-------+-------++-------
Melee: Unarmed           |     1 |       |       ||     1
       Whip              |    22 |       |    21 ||    43
       Hand axe          |       |       |    43 ||    43
 Cast: Sandblast         |    46 |    14 |    12 ||    72
       Stone Arrow       |       |    11 |   148 ||   159
  Use: Scroll            |       |       |     4 ||     4
       Potion            |       |       |     1 ||     1
 Stab: Sleeping          |       |       |     1 ||     1
Armor: Robe              |     5 |     1 |    43 ||    49
Dodge: Dodged            |    28 |     1 |    59 ||    88
Block: Other             |     3 |       |    22 ||    25

Table legend: (Time is in decaauts)
 A = Elapsed time spent in this place.
 B = Non-inter-level travel time spent in this place.
 C = Inter-level travel time spent in this place.
 D = Time resting spent in this place.
 E = Time spent auto-exploring this place.
 F = Levels seen in this place.
 G = Mean time per level.
                   A        B        C        D        E       F      G
               +--------+--------+--------+--------+--------+-----+--------+
         Total |   7448 |   7080 |    368 |     35 |   6059 |   9 |  827.6 |
       Dungeon |   7346 |   6990 |    356 |     35 |   5981 |   8 |  918.2 |
        Temple |    101 |     89 |     12 |      0 |     78 |   1 |  101.0 |
               +--------+--------+--------+--------+--------+-----+--------+

Top non-repeatable levels by time:
     D:3: 1407 daAuts
     D:2: 1093 daAuts
     D:6: 972 daAuts
     D:1: 959 daAuts
     D:5: 904 daAuts
     D:4: 886 daAuts
     D:8: 750 daAuts
     D:7: 373 daAuts
  Temple: 101 daAuts
